 Dungeon Crawl Stone Soup version 0.20.1-1-g8b1a95d (webtiles) character file.

94 RedemptionLxon the Cudgeler (level 4, -2/41 HPs)
             Began as a Minotaur Berserker on Sept 11, 2017.
             Was a Believer of Trog.
             Slain by Sigmund
             ... wielding a +0 scythe
              (7 damage)
             ... on level 2 of the Dungeon.
             The game lasted 00:08:56 (1387 turns).

RedemptionLxon the Cudgeler (Minotaur Berserker)    Turns: 1387, Time: 00:08:56

Health: -2/41      AC:  3    Str: 22    XL:     4   Next: 38%
Magic:  3/3        EV: 11    Int:  4    God:    Trog [**....]
Gold:   61         SH:  3    Dex: 10    Spells: 3/3 levels left

rFire    + . .     SeeInvis .   a - +0 mace
rCold    + . .     Gourm    .   e - +0 buckler
rNeg     . . .     Faith    .   b - +0 animal skin
rPois    +         Spirit   .   (helmet restricted)
rElec    +         Reflect  .   (no cloak)
rCorr    +         Harm     .   (no gloves)
MR       ++...                  j - +0 pair of boots
Stlth    +.........             k - amulet of rage
Regen    1.2/turn               (no ring)
MPRegen  0.1/turn               (no ring)

@: lethally poisoned (-2 -> -2), resistant, berserk cooldown, regenerating,
slowed, very slow
A: retaliatory headbutt, horns 2
a: Berserk, Trog's Hand, Burn Spellbooks, Renounce Religion, Evoke Berserk Rage


You were on level 2 of the Dungeon.
You worshipped Trog.
Trog was pleased with you.
You were very hungry.

You visited 1 branch of the dungeon, and saw 2 of its levels.

You collected 61 gold pieces.

Inventory:

Hand Weapons
 a - a +0 mace (weapon)
 m - a +0 halberd
Missiles
 f - 110 stones (quivered)
 l - 13 arrows
Armour
 b - a +0 animal skin (worn)
 e - a +0 buckler (worn)
 j - a +0 pair of boots (worn)
Jewellery
 k - an amulet of rage (around neck)
Scrolls
 g - 2 scrolls of remove curse {unknown}
 h - 2 scrolls of teleportation {unknown}
 i - a scroll of amnesia {unknown}
Potions
 n - a potion of resistance
Comestibles
 c - a bread ration


   Skills:
 + Level 4.7 Fighting
 + Level 5.0 Maces & Flails
 + Level 2.5 Armour
 + Level 2.5 Dodging
 + Level 0.8 Stealth
 + Level 0.2 Shields


You had 3 spell levels left.
You didn't know any spells.

Dungeon Overview and Level Annotations

Branches:
Dungeon (2/15)

Altars:
Sif Muna

Annotations:
D:2 Sigmund


Innate Abilities, Weirdness & Mutations

You reflexively headbutt those who attack you in melee.
You have a pair of horns on your head.


Message History

The magic dart hits you!
* * * LOW HITPOINT WARNING * * *
You feel your anger subside.
You are no longer berserk.
You are exhausted.
You feel yourself slow down.
You feel sick.
You feel much better.
You feel sick. Something hits you!
You hit something. You headbutt something.
You feel sick.
You hear some strange, mumbled words.
A magic dart appears from out of thin air!
The magic dart hits you! Something completely misses you.
You barely miss something. Your headbutt misses something.
You feel sick. Something hits you!
* * * LOW HITPOINT WARNING * * *
Your skin crawls.
You feel resistant to hostile enchantments.
You feel quite a bit more hungry.
You feel sick. Something hits you.
* * * LOW HITPOINT WARNING * * *
You miss something.
You feel sick. You block something's attack. Something hits you!
You die...

. .?.. #.
... #w# #.#
###.#..##.#
..........#
.###+###$.#
#w.#
###.###{##
+.._###@#
###.###.#
#. #.#
#.###+###.#
.........#
#.####.####
#.........#
###.......#
#.......#


You could see a worm.

Vanquished Creatures
  3 gnolls (D:2)
  2 adders (D:2)
  An ooze (D:1)
  A dart slug (D:2)
  A leopard gecko (D:1)
  3 giant cockroaches
  4 goblins (D:1)
  4 hobgoblins (D:1)
  4 jackals (D:2)
  4 kobolds
  A quokka (D:2)
  3 bats
  4 frilled lizards
  6 rats
41 creatures vanquished.

Notes
Turn   | Place    | Note
-------+----------+-------------------------------------------
     0 | D:1      | RedemptionLxon the Minotaur Berserker began the quest for the Orb.
     0 | D:1      | Reached XP level 1. HP: 19/19 MP: 0/0
   273 | D:1      | Reached skill level 4 in Maces & Flails
   413 | D:1      | Reached XP level 2. HP: 27/27 MP: 1/1
  1026 | D:2      | Reached XP level 3. HP: 26/33 MP: 2/2
  1056 | D:2      | Reached ** piety under Trog
  1332 | D:2      | Reached XP level 4. HP: 38/41 MP: 3/3
  1360 | D:2      | Found a deep blue altar of Sif Muna.
  1367 | D:2      | Noticed Sigmund
  1375 | D:2      | HP: 2/41 [adder (4)]
  1378 | D:2      | Reached skill level 5 in Maces & Flails
  1387 | D:2      | Slain by Sigmund

Skill      XL: |  1  2  3  4 |
---------------+-------------+-----
Maces & Flails | 4 5 |  5.0
Fighting       | 4 |  4.7
Armour         | |  2.5
Dodging        | |  2.5
Stealth        | |  0.8
Shields        | |  0.2

Action                   |  1- 3 |  4- 6 || total
-------------------------+-------+-------++-------
Melee: Mace              |    62 |    19 ||    81
       Headbutt          |     8 |     2 ||    10
Invok: Berserk           |     1 |     1 ||     2
       Trog's Hand       |       |     1 ||     1
  Use: Potion            |       |     3 ||     3
  Eat: Chunk             |     2 |       ||     2
Armor: Animal skin       |    16 |     7 ||    23
Dodge: Dodged            |    35 |    13 ||    48
Block: Buckler           |     6 |     4 ||    10
